 Dungeon Crawl Stone Soup version 0.20.1-1-g8b1a95d (webtiles) character file.

349 dvd the Chopper (level 6, 0/52 HPs)
             Began as a Minotaur Gladiator on Oct 11, 2017.
             Slain by Natasha (1 damage)
             ... on level 3 of the Dungeon.
             The game lasted 00:05:40 (2691 turns).

dvd the Chopper (Minotaur Gladiator)                Turns: 2691, Time: 00:05:40

Health: 0/52       AC:  5    Str: 20    XL:     6   Next: 33%
Magic:  5/5        EV: 13    Int:  5    God:
Gold:   60         SH:  0    Dex: 12    Spells: 5/5 levels left

rFire    . . .     SeeInvis .   a - +0 war axe
rCold    . . .     Gourm    .   (no shield)
rNeg     . . .     Faith    .   k - +0 ring mail
rPois    .         Spirit   .   c - +0 hat
rElec    .         Reflect  .   (no cloak)
rCorr    .         Harm     .   (no gloves)
MR       .....                  (no boots)
Stlth    +.........             (no amulet)
Regen    0.2/turn               (no ring)
MPRegen  0.1/turn               (no ring)

@: slowed, very slow
A: retaliatory headbutt, horns 2
a: no special abilities


You were on level 3 of the Dungeon.
You were not hungry.

You visited 1 branch of the dungeon, and saw 3 of its levels.

You collected 60 gold pieces.

Inventory:

Hand Weapons
 a - a +0 war axe (weapon)
 w - a +0 scythe of protection
Missiles
 d - 3 throwing nets
 v - 7 tomahawks (quivered)
Armour
 b - a +0 leather armour
 c - a +0 hat (worn)
 k - a +0 ring mail (worn)
Scrolls
 n - 2 scrolls of teleportation {unknown}
 r - 2 scrolls of remove curse {unknown}
 s - a scroll of fog {unknown}
 u - a scroll of immolation {unknown}
Potions
 e - 2 potions of agility {unknown}
 h - a potion of lignification
 j - a potion of might
 l - a potion of heal wounds {unknown}
 m - 2 potions of cancellation {unknown}
 o - a potion of magic {unknown}
 p - 3 potions of curing {unknown}
 x - a potion of brilliance {unknown}
 z - a potion of invisibility {unknown}
Comestibles
 f - 2 bread rations
 g - 2 meat rations
 i - 2 royal jellies
 q - 4 fruits


   Skills:
 + Level 3.7 Fighting
 + Level 5.9(6.0) Axes
 + Level 0.5(3.7) Polearms
 + Level 2.4 Throwing
 + Level 3.1 Armour
 + Level 4.6 Dodging
 + Level 0.1 Stealth


You had 5 spell levels left.
You didn't know any spells.

Dungeon Overview and Level Annotations

Branches:
Dungeon (3/15)

Altars:

Annotations:
D:3 Grinder, Natasha


Innate Abilities, Weirdness & Mutations

You reflexively headbutt those who attack you in melee.
You have a pair of horns on your head.


Message History

Natasha stares at you and mumbles some strange words.
You feel as though you will be slow longer.
You hit Natasha but do no damage. You headbutt Natasha.
Natasha is moderately wounded.
Natasha misses you. You furiously retaliate!
You headbutt Natasha, but do no damage.
Natasha mumbles some strange words.
You slash Natasha! Your headbutt misses Natasha.
Natasha is almost dead.
Natasha claws you.
* * * LOW HITPOINT WARNING * * *
You barely miss Natasha.
Natasha is severely wounded.
The white imp gestures at you. The puff of frost hits you!
* * * LOW HITPOINT WARNING * * *
Natasha claws you.
* * * LOW HITPOINT WARNING * * *
Natasha claws you.
You die...

############# #
#.....#.....# .
#.....#.....#
.##########.....#.....#.
>...............@5......
................)h......
...########.....#.......
.#.# #######......#
..[######## #####.#
#.#[......# #
#.#.....#+####
#.#..........#
#.#..........#


You could see Natasha and a white imp.

Vanquished Creatures
  Sigmund (D:2)
  Jessica (D:2)
  2 orc wizards (D:3)
  4 adders
  2 oozes
  2 worms
  A leopard gecko (D:2)
  4 orcs
  12 bats
  3 giant cockroaches
  3 goblins
  4 hobgoblins
  A quokka (D:2)
  4 frilled lizards
  3 kobolds
  2 rats
49 creatures vanquished.

Notes
Turn   | Place    | Note
-------+----------+-------------------------------------------
     0 | D:1      | dvd the Minotaur Gladiator began the quest for the Orb.
     0 | D:1      | Reached XP level 1. HP: 18/18 MP: 0/0
   719 | D:2      | Noticed Jessica
   723 | D:2      | Reached XP level 2. HP: 13/25 MP: 1/1
   894 | D:2      | Killed Jessica
   894 | D:2      | Reached skill level 4 in Axes
   894 | D:2      | Reached XP level 3. HP: 20/30 MP: 2/2
  1037 | D:2      | Noticed Sigmund
  1059 | D:2      | Reached skill level 1 in Armour
  1533 | D:3      | Noticed Grinder
  1573 | D:2      | Reached XP level 4. HP: 38/38 MP: 3/3
  1700 | D:2      | Killed Sigmund
  1700 | D:2      | Reached skill level 5 in Axes
  1700 | D:2      | Reached XP level 5. HP: 43/45 MP: 4/4
  1932 | D:2      | Reached XP level 6. HP: 26/51 MP: 5/5
  2678 | D:3      | Noticed Natasha
  2691 | D:3      | HP: 1/52 [Natasha (6)]
  2691 | D:3      | Slain by Natasha

Skill      XL: |  1  2  3  4  5  6 |
---------------+-------------------+-----
Axes           | 4 5 |  5.9
Dodging        | 4 |  4.6
Armour         | 1 2 3 |  3.1
Fighting       | 3 |  3.7
Polearms       | |  0.5
Throwing       | |  2.4
Stealth        | |  0.1

Action                   |  1- 3 |  4- 6 || total
-------------------------+-------+-------++-------
Melee: War axe           |    62 |    64 ||   126
       Headbutt          |    10 |     8 ||    18
       Scythe            |       |     8 ||     8
Throw: Tomahawk          |       |     5 ||     5
  Use: Potion            |       |     2 ||     2
  Eat: Chunk             |     2 |     4 ||     6
Armor: Leather armour    |    13 |       ||    13
       Ring mail         |    13 |    17 ||    30
       Skin              |       |     8 ||     8
Dodge: Dodged            |    55 |    56 ||   111
